 Dungeon Crawl Stone Soup version 0.31-a0-636-ge1c0e020e0 (webtiles) character file.

Game seed: 16783905812645207868

1944 AtlasWard the Cleaver (level 8, -17/73 HPs)
             Began as a Black Draconian Monk on Aug 26, 2023.
             Was a Believer of Makhleb.
             Demolished by a two-headed ogre
             ... wielding a +0 giant club
              (20 damage)
             ... on level 8 of the Dungeon.
             The game lasted 00:15:11 (6023 turns).

AtlasWard the Cleaver (Black Draconian Monk)        Turns: 6023, Time: 00:15:11

Health: -17/73     AC: 10    Str: 15    XL:     8   Next: 98%
Magic:  8/8        EV: 11    Int: 11    God:    Makhleb [**....]
Gold:   305        SH:  8    Dex: 14    Spells: 7/7 levels left

rFire   . . .        a - +1 hand axe (venom)
rCold   . . .        E - +0 kite shield
rNeg    . . .        (body armour unavailable)
rPois   .            (helmet restricted)
rElec   +            o - +2 cloak {Will+}
rCorr   +            n - +0 pair of gloves
SInv    .            (no boots)
Will    +....        i - amulet of regeneration
Stlth   ++           g - +4 ring of slaying
HPRegen 1.12/turn    t - ring of resist corrosion
MPRegen 0.11/turn

%: no passive effects
@: no status effects
A: breathe lightning, AC +6, unfitting armour, electricity resistance,
cold-blooded
a: Breathe Lightning, Renounce Religion, Minor Destruction


You were on level 8 of the Dungeon.
You worshipped Makhleb.
Makhleb was pleased with you.
You visited 2 branches of the dungeon, and saw 9 of its levels.
You also visited: Sewer and Ossuary.

You collected 305 gold pieces.

Inventory:

Hand Weapons
 a - a +1 hand axe of venom (weapon)
 e - a +0 broad axe
Armour
 c - an orb of light
 n - a +0 pair of gloves (worn)
 o - a +2 cloak of willpower (worn)
 E - a +0 kite shield (worn)
Jewellery
 g - a +4 ring of slaying (left hand)
 i - an amulet of regeneration (around neck)
 t - a ring of resist corrosion (right hand)
 G - a +6 ring of intelligence
 N - a ring of ice
Wands
 I - a wand of polymorph (8) (quivered)
 J - a wand of mindburst (4)
 M - a wand of paralysis (12)
Scrolls
 f - 2 scrolls of silence
 l - 3 scrolls of fear
 r - 4 scrolls of identify
 u - 5 scrolls of revelation
 v - 2 scrolls of teleportation
 w - 3 scrolls of enchant weapon
 y - a scroll of fog
 B - a scroll of butterflies
 C - a scroll of poison {unknown}
 F - 2 scrolls of brand weapon {unknown}
 H - 3 scrolls of immolation {unknown}
Potions
 b - a potion of ambrosia
 d - 3 potions of berserk rage
 h - 4 potions of heal wounds
 j - 2 potions of lignification
 k - 3 potions of haste
 m - 2 potions of resistance
 p - 2 potions of might {unknown}
 q - a potion of attraction {unknown}
 s - a potion of brilliance {unknown}
 x - 5 potions of cancellation {unknown}
 z - 2 potions of mutation {unknown}
 A - a potion of experience {unknown}
 D - a potion of curing {unknown}
 K - 2 potions of degeneration {unknown}
 L - 2 potions of enlightenment {unknown}


   Skills:
 + Level 7.6 Fighting
 * Level 9.3 Axes
 - Level 2.6 Dodging
 - Level 3.0 Stealth
 + Level 2.7 Shields


You had 7 spell levels left.
You didn't know any spells.
Your spell library contained the following spells:

 Spells                   Type           Power      Damage    Failure   Level
 Sting                    Tmut/Pois      0%         1d3       75%         1
 Poisonous Vapours        Pois/Air       0%         N/A       86%         2
 Scorch                   Fire           0%         2d5       86%         2
 Anguish                  Hex/Necr       0%         N/A       100%        4
 Cause Fear               Hex            0%         N/A       100%        4
 Flame Wave               Conj/Fire      0%         2d4       100%        4
 Olgreb's Toxic Radiance  Pois           0%         N/A       100%        4
 Summon Cactus Giant      Summ           0%         N/A       100%        6
 Enfeeble                 Hex            0%         N/A       100%        7


Dungeon Overview and Level Annotations

Branches:
Dungeon (8/15)             Temple (1/1) D:6           Sewer (visited)
Ossuary (visited)
   Lair: D:8-11

Altars:
Ashenzari
Cheibriados
Dithmenos
Elyvilon
Fedhas
Gozag
Hepliaklqana
Kikubaaqudgha
Makhleb
Nemelex Xobeh
Okawaru
Qazlal
Ru
Sif Muna
Trog
Uskayaw
Vehumet
Wu Jian
Yredelemnul
Zin
The Shining One

Annotations:
D:5 Eustachio


Innate Abilities, Weirdness & Mutations

You can breathe wild blasts of lightning.
Your glossy black scales are hard. (AC +6)
You cannot fit into any form of body armour.
You are resistant to electric shocks. (rElec)
You are cold-blooded and may be slowed by cold attacks.


Message History

You hit the bullfrog.
You kill the bullfrog!
Makhleb accepts your kill.
A two-headed ogre comes into view. It is wielding two +0 giant clubs.
The two-headed ogre closely misses you.
The two-headed ogre hits you but does no damage.
You hit the two-headed ogre.
The two-headed ogre is poisoned.
The two-headed ogre is lightly wounded.
You slash the two-headed ogre!
The two-headed ogre looks as sick as possible!
The two-headed ogre is moderately wounded.
The two-headed ogre hits you with a +0 giant club!
The two-headed ogre hits you with a +0 giant club!!
You hit the two-headed ogre.
The two-headed ogre is heavily wounded.
You block the two-headed ogre's attack.
The two-headed ogre hits you with a +0 giant club!
* * * LOW HITPOINT WARNING * * *
You are too injured to fight recklessly!
You are too injured to fight recklessly!
You hit the two-headed ogre.
The two-headed ogre looks as sick as possible!
The two-headed ogre is heavily wounded.
The two-headed ogre attacks as it pursues you!
The two-headed ogre completely misses you.
The two-headed ogre hits you with a +0 giant club!
* * * LOW HITPOINT WARNING * * *
The two-headed ogre attacks as it pursues you!
The two-headed ogre hits you with a +0 giant club!
* * * LOW HITPOINT WARNING * * *
The two-headed ogre closely misses you.
You hit the two-headed ogre.
The two-headed ogre looks as sick as possible!
You tail-slap the two-headed ogre.
The two-headed ogre is almost dead.
You hit the two-headed ogre but do no damage.
The two-headed ogre looks as sick as possible!
The two-headed ogre is almost dead.
The two-headed ogre hits you with a +0 giant club!!
You die...

######................
#.........####........
#.........+...........
+......)..#....#..####
#.........#....#..#:)( .
####+#'#..........#?$$ ...
#.#.#####+#.#..#()$
.....######.#............####
#........O@.###............
#...........# ........
#...........# ....#
#...........+ #...........#
#...........# #############


You could see a two-headed ogre (extremely poisoned).

Vanquished Creatures
  Menkaure (D:5)
  A water moccasin (D:7)
  Duvessa (D:5)
  The ghost of Age the Trooper, an amateur MiFi (D:4)
  An ice beast (D:5)
  2 phantoms
  An elf zombie (Ossuary)
  3 bullfrogs
  2 gnoll sergeants
  Dowan (D:5)
  A gnoll bouda (D:6)
  2 hounds
  An orc wizard (D:5)
  3 sleepcaps
  2 iguanas
  3 hound zombies (Ossuary)
  4 mummies (Ossuary)
  17 gnolls
  12 adders
  7 river rats
  2 shadow imps
  3 white imps
  2 ufetubi (D:5)
  2 adder zombies (Ossuary)
  6 dart slugs
  5 orcs
  17 ball pythons
  7 endoplasms
  A giant cockroach (D:3)
  5 goblins
  5 hobgoblins
  4 jackals (D:1)
  5 quokkas
  3 bats (D:1)
  7 frilled lizards
  2 gnoll zombies (Ossuary)
  2 jackal zombies (Ossuary)
  10 kobolds
  A kobold zombie (Ossuary)
  An orc zombie (Ossuary)
  25 rats
181 creatures vanquished.

Notes
Turn   | Place    | Note
-------+----------+-------------------------------------------
     0 | D:1      | AtlasWard the Draconian Monk began the quest for the Orb.
     0 | D:1      | Reached XP level 1. HP: 19/19 MP: 1/1
    74 | D:1      | Reached XP level 2. HP: 25/26 MP: 2/2
   534 | D:1      | Reached XP level 3. HP: 27/33 MP: 3/3
   705 | D:1      | Reached skill level 4 in Axes
  1897 | D:3      | Reached XP level 4. HP: 40/40 MP: 4/4
  2077 | D:3      | Found a glowing drain.
  2084 | D:3      | Reached skill level 5 in Axes
  2084 | D:3      | Reached XP level 5. HP: 39/47 MP: 5/5
  2098 | Sewer    | Entered a sewer
  2293 | Sewer    | Reached skill level 5 in Fighting
  2329 | Sewer    | Reached XP level 6. HP: 49/56 MP: 6/6
  2332 | Sewer    | Reached skill level 6 in Axes
  2694 | D:4      | Identified a scroll of acquirement
  2694 | D:4      | Acquired a +2 cloak of willpower
  2742 | D:4      | Found a runed translucent gate.
  2743 | D:4      | Found a runed translucent gate.
  2743 | D:4      | Found a runed translucent gate.
  2744 | D:4      | Noticed Age's ghost (amateur MiFi)
  2789 | D:4      | Killed Age's ghost
  2790 | D:4      | Your scales start taking on a glossy black colour.
  2790 | D:4      | Reached XP level 7. HP: 62/62 MP: 7/7
  2790 | D:4      | Gained mutation: You are resistant to electric shocks.
                  | (rElec) [Black Draconian growth]
  2960 | D:4      | Reached skill level 7 in Axes
  2960 | D:4      | Reached skill level 1 in Stealth
  3192 | D:5      | Entered Level 5 of the Dungeon
  3212 | D:5      | Found a glowing silver altar of Zin.
  3215 | D:5      | Found a glowing golden altar of the Shining One.
  3216 | D:5      | Found a white marble altar of Elyvilon.
  3378 | D:5      | Noticed Dowan
  3379 | D:5      | Noticed Duvessa
  3389 | D:5      | Killed Duvessa
  3426 | D:5      | Killed Dowan
  3427 | D:5      | Reached XP level 8. HP: 57/71 MP: 8/8
  3459 | D:5      | Noticed Menkaure
  3462 | D:5      | Noticed Eustachio
  3604 | D:5      | Reached skill level 8 in Axes
  3651 | D:5      | Killed Menkaure
  3921 | D:6      | Found a staircase to the Ecumenical Temple.
  3929 | D:6      | Found a sand-covered staircase.
  3944 | Ossuary  | Entered an ossuary
  3960 | Ossuary  | Reached skill level 1 in Shields
  4516 | D:6      | Identified the +10 dagger "Pitoto Juy" {heavy, rElec rF+
                  | rC+}
  5242 | D:7      | Reached skill level 9 in Axes
  5261 | D:7      | Found a blossoming altar of Fedhas.
  5932 | Temple   | Entered the Ecumenical Temple
  5937 | Temple   | Became a worshipper of Makhleb the Destroyer
  5937 | Temple   | Reached * piety under Makhleb
  5937 | Temple   | Reached ** piety under Makhleb
  6009 | D:8      | Noticed a two-headed ogre
  6021 | D:8      | HP: 1/73 [two-headed ogre/+0 giant club (11)]
  6023 | D:8      | Demolished by a two-headed ogre

Illustrated notes

Levels and vault maps discovered:
D:1:      roderic_dead_forest, layout_rooms, serial_co_window_serial,
          co_window_corner_a, co_window_paths_a, co_window_paths_a,
          co_window_paths_b, co_window_of_opportunity_a,
          co_window_unsneaky_path_a, co_window_of_opportunity_b,
          co_window_paths_c, co_window_4corner_a
D:2:      layout_basic, serial_bayou_pond_d
D:3:      layout_rooms, portal_sewer_entry_c, minmay_misc_feat_secret_circle
D:4:      layout_rooms, ebering_ghost_rock_garden
D:5:      layout_basic, good_gods_temple_1, uniq_menkaure, uniq_duvessa,
          uniq_eustachio
D:6:      layout_loops_corners, temple_statues, nicolae_ossuary_entry_ruins
D:7:      layout_basic, mainiacjoe_overflow_brackets, kennysheep_generic_room_16
D:8:      layout_basic, due_unseen_surprise, uniq_joseph
Temple:   sentei_temple_godly_chess

Skill      XL: |  1  2  3  4  5  6  7  8 |
---------------+-------------------------+-----
Axes           | 4 5 6 7 9 |  9.3
Fighting       | 4 5 6 7 |  7.6
Stealth        | 2 3 |  3.0
Shields        | 2 |  2.7
Dodging        | |  2.6

Action                     |  1- 3 |  4- 6 |  7- 9 || total
---------------------------+-------+-------+-------++-------
  Melee: Hand axe          |   104 |   142 |   234 ||   480
         Tailslap          |    13 |    25 |    46 ||    84
         Unarmed           |       |       |     6 ||     6
Ability: Breathe Lightning |       |       |     4 ||     4
    Use: Scroll            |       |     7 |     8 ||    15
   Stab: Sleeping          |     1 |       |     2 ||     3
         Confused          |       |       |     2 ||     2
 Armour: Skin              |    31 |    51 |   102 ||   184
  Dodge: Dodged            |    60 |   107 |   101 ||   268
  Block: Kite shield       |       |       |    71 ||    71

Table legend: (Time is in decaauts)
 A = Elapsed time spent in this place.
 B = Non-inter-level travel time spent in this place.
 C = Inter-level travel time spent in this place.
 D = Time resting spent in this place.
 E = Time spent auto-exploring this place.
 F = Levels seen in this place.
 G = Mean time per level.
                   A        B        C        D        E       F      G
               +--------+--------+--------+--------+--------+-----+--------+
         Total |   6110 |   5754 |    356 |      0 |   4314 |  11 |  555.5 |
       Dungeon |   5583 |   5236 |    347 |      0 |   4000 |   8 |  697.9 |
        Temple |     10 |      2 |      8 |      0 |      0 |   1 |   10.0 |
         Sewer |    316 |    316 |      0 |      0 |    163 |   1 |  316.0 |
       Ossuary |    199 |    199 |      0 |      0 |    150 |   1 |  199.0 |
               +--------+--------+--------+--------+--------+-----+--------+

Top non-repeatable levels by time:
     D:2: 990 daAuts
     D:6: 990 daAuts
     D:1: 921 daAuts
     D:7: 859 daAuts
     D:5: 679 daAuts
     D:4: 569 daAuts
     D:3: 525 daAuts
   Sewer: 316 daAuts
 Ossuary: 199 daAuts
     D:8: 48 daAuts
  Temple: 10 daAuts
